 Dungeon Crawl Stone Soup version 0.21.0 (webtiles) character file.

33860 Inarius the Frost Mage (level 13, -3/94 HPs)
             Began as a Yellow Draconian Ice Elementalist on Jan 7, 2018.
             Was a High Priest of Hepliaklqana.
             Killed from afar by Harold (29 damage)
             ... with a bolt of fire
             ... on level 3 of the Lair of Beasts.
             The game lasted 01:14:22 (17318 turns).

Inarius the Frost Mage (DrIE)                      Turns: 17318, Time: 01:14:23

Health: -3/94      AC: 14    Str: 24    XL:     13   Next: 39%
Magic:  12/34      EV:  8    Int: 19    God:    Hepliaklqana [*****.]
Gold:   737        SH:  0    Dex: 12    Spells: 13/28 levels left

rFire    . . .     SeeInvis .   b - +8 short sword (elec)
rCold    . . .     Gourm    .   u - +0 buckler
rNeg     . . .     Faith    .   (armour unavailable)
rPois    +         Spirit   .   K - +2 hat
rElec    .         Reflect  +   P - +1 cloak
rCorr    +         Harm     .   r - +0 pair of gloves
MR       .....                  l - +0 pair of boots
Stlth    ++........             C - +2 amulet of reflection
HPRegen  0.25/turn              I - +4 ring of strength
MPRegen  0.24/turn              Y - ring "Meocomu" {rPois MP+9 Str+4}

@: about to teleport, held
A: spit acid, acid resistance, unfitting armour, reduced essence, stinger 1,
screaming 1, strong 2, cold-blooded, AC +8
a: Breathe Acid, Recall Ancestor, Ancestor Identity, Transference, Idealise,
Renounce Religion


You were on level 3 of the Lair of Beasts.
You worshipped Hepliaklqana.
Hepliaklqana was extremely pleased with you.
You were hungry.

You visited 3 branches of the dungeon, and saw 16 of its levels.
You also visited: Labyrinth and Sewer.

You collected 1101 gold pieces.
You spent 364 gold pieces at shops.

Inventory:

Hand Weapons
 a - the +8 short sword of Big Damage {pierce, *Slow rElec rPois SInv}
   (You found it on level 11 of the Dungeon)

   It inflicts extra damage upon your enemies.
   It insulates you from electricity.
   It protects you from poison.
   It lets you see invisible.
   It may slow you when you take damage.
 b - a +8 short sword of electrocution (weapon)
 c - the +2 falchion of Darkness {slice, +Fly rC+ Int+4}
   (You found it on level 7 of the Dungeon)

   It inflicts extra damage upon your enemies.
   It affects your intelligence (+4).
   It protects you from cold.
   It lets you fly.
Armour
 l - a +0 pair of boots (worn)
 r - a +0 pair of gloves (worn)
 u - a +0 buckler (worn)
 K - a +2 hat (worn)
 P - a +1 cloak (worn)
Jewellery
 C - a +2 amulet of reflection (around neck)
 I - a +4 ring of strength (left hand)
 J - an uncursed ring of protection from magic
 V - an uncursed ring of magical power
 Y - the ring "Meocomu" (right hand) {rPois MP+9 Str+4}
   (You found it in a labyrinth)

   [ring of poison resistance]

   It affects your strength (+4).
   It protects you from poison.
   It affects your magic capacity (+9).
 Z - an uncursed ring of poison resistance
Wands
 q - a wand of iceblast (7)
 F - a wand of polymorph (13)
 N - a wand of random effects (22)
 Q - a wand of flame (23)
 R - a wand of enslavement (11)
 S - a wand of disintegration (11)
 T - a wand of paralysis (20)
Scrolls
 d - 6 scrolls of blinking
 f - 4 scrolls of teleportation
 j - a scroll of fog
 o - 3 scrolls of remove curse
 p - a scroll of fear {unknown}
 s - a scroll of enchant armour
 v - 2 scrolls of magic mapping
 z - a scroll of amnesia {unknown}
 D - 2 scrolls of brand weapon
 G - a scroll of holy word {unknown}
 H - a scroll of immolation {unknown}
 O - a scroll of random uselessness {unknown}
Potions
 e - 2 potions of mutation
 g - 2 potions of resistance
 h - a potion of heal wounds
 i - 2 potions of magic
 k - 4 potions of flight
 m - a potion of berserk rage
 n - 3 potions of brilliance
 t - a potion of ambrosia
 w - 2 potions of invisibility
 A - 3 potions of curing
 L - a potion of agility
 M - a potion of lignification
 W - a potion of might
Books
 x - a book of Maledictions

   Spells                             Type                      Level
   a - Corona                         Hexes                        1
   b - Ensorcelled Hibernation        Hexes/Ice                    2
   c - Confuse                        Hexes                        3
   d - Tukima's Dance                 Hexes                        3
   e - Dazzling Spray                 Conjuration/Hexes            3
 y - a book of Flames

   Spells                             Type                      Level
   a - Flame Tongue                   Conjuration/Fire             1
   b - Throw Flame                    Conjuration/Fire             2
   c - Conjure Flame                  Conjuration/Fire             3
   d - Inner Flame                    Hexes/Fire                   3
   e - Sticky Flame                   Conjuration/Fire             4
   f - Fireball                       Conjuration/Fire             5
 X - a book of Conjurations

   Spells                             Type                      Level
   a - Magic Dart                     Conjuration                  1
   b - Searing Ray                    Conjuration                  2
   c - Dazzling Spray                 Conjuration/Hexes            3
   d - Fulminant Prism                Conjuration/Hexes            4
   e - Force Lance                    Conjuration/Translocation    4
   f - Iskenderun's Mystic Blast      Conjuration                  4
Miscellaneous
 U - a phantom mirror
Comestibles
 B - 10 chunks of flesh
 E - 31 rations


   Skills:
 - Level 7.1 Fighting
 - Level 3.5 Short Blades
 + Level 7.2 Dodging
 - Level 1.7 Stealth
 - Level 5.0 Shields
 - Level 8.0 Spellcasting
 + Level 8.0 Conjurations
 + Level 6.1 Charms
 + Level 5.6 Summonings
 + Level 4.1 Necromancy
 * Level 13.1 Ice Magic
 + Level 4.6 Invocations


You had 13 spell levels left.
You knew the following spells:

 Your Spells              Type           Power        Failure   Level  Hunger
a - Freeze                Ice            ####         1%          1    None
b - Ozocubu's Armour      Chrm/Ice       #####...     1%          3    None
c - Throw Icicle          Conj/Ice       #####...     1%          4    ###....
d - Summon Ice Beast      Ice/Summ       #####...     1%          4    ###....
e - Regeneration          Chrm/Necr      ####......   3%          3    None


Dungeon Overview and Level Annotations

Branches:
Dungeon (11/15)            Temple (1/1) D:7            Lair (4/6) D:11
  Snake (0/4) Lair:4          Orc (0/2) D:10
  Swamp: Lair:2-4    Shoals: Lair:2-4

Altars:
Ashenzari
Dithmenos
Elyvilon
Fedhas
Gozag
Hepliaklqana
Kikubaaqudgha
Makhleb
Nemelex Xobeh
Okawaru
Trog
Wu Jian
Xom

Shops:
D:8 ?

Annotations:
D:5 Grinder; ThereIsNoGod's ghost, novice DsBe
Lair:3 Harold


Innate Abilities, Weirdness & Mutations

You can spit globs of acid.
You are resistant to acid.
Your golden yellow scales are hard. (AC +8)
You cannot fit into any form of body armour.
You are cold-blooded and may be slowed by cold attacks.
Your life essence is reduced to manifest your ancestor. (-10% HP)
Your tail ends in a poisonous barb.
You occasionally shout uncontrollably at your foes.
Your muscles are very strong. (Str +4)


Message History

Your magical contamination has completely faded away.
Your icy armour evaporates.
There is a stone staircase leading up here.
You climb upwards.
Level annotation: Harold Harold throws a throwing net.
The throwing net hits you.
You become entangled in the net!
A water moccasin comes into view.
There is a stone staircase leading down here.
You see here a throwing net.
Okay, then.
As you read the scroll of teleportation, it crumbles to dust.
You feel strangely unstable.
The water moccasin moves out of view.
The death yak gores you!!
* * * LOW HITPOINT WARNING * * *
Unknown command.
You struggle against the net.
The death yak barely misses you. Harold gestures at you while chanting.
The bolt of fire hits you!
You die...

.#.##
#...#..#....###.......
....#
##.....#######........
##..# #..........#
#..#..... #..#
##.P.@..#..# ##..#...#
#..#
##....###.###..###..#
##.#
##..####R#....###.##
#..# ##.###...<..#....#
##.# #....####P.#..#..#
#..##
##@..........#...#
##..##
##Y.P...........# #...#
###..###.P.##..##
####..###
#....########..#
........# ###.## ##.##
.#.#....## #...# ###..#
###...P..## ### ##..##
#....#
......P...###.####.#..#
#.####
#...#..P#..........#.##
#.#


You could see a death yak and Harold.

Vanquished Creatures
  Gastronok (D:11)
  A minotaur (Lab)
  A hydra (Lair:1)
  A two-headed ogre (D:10)
  A death yak (Lair:4)
  Pikel (D:4)
  A manticore (D:11)
  An elephant (Lair:4)
  A black mamba (Lair:2)
  Joseph (Lair:1)
  4 spiny frogs
  A komodo dragon (Lair:3)
  The ghost of Dirian the Slasher, an amateur MiFi of the Shining One (D:4)
  3 polar bears (Lair:3)
  5 blink frogs
  5 hippogriffs
  A vampire (D:11)
  23 yaks
  2 wyverns
  A wraith (D:11)
  Grum (D:8)
  2 hogs (D:8)
  2 steam dragons
  Menkaure (D:4)
  5 water moccasins
  2 porcupines
  5 orc warriors
  10 black bears
  A sky beast (D:4)
  A necrophage (D:10)
  An eye of draining (D:11)
  6 ice beasts
  4 ogres
  3 centaurs
  8 wolves
  5 crocodiles
  2 big kobolds
  Blork the orc (D:5)
  6 bullfrogs
  A scorpion (D:8)
  10 killer bees
  2 howler monkeys (D:9)
  2 crimson imps
  8 hounds
  A jelly (D:7)
  4 orc wizards
  An orc priest (D:8)
  4 centaur skeletons
  Terence (D:2)
  3 iguanas
  7 worker ants
  A hound zombie (D:9)
  3 gnolls
  11 adders
  4 river rats
  A shadow imp (D:10)
  2 adder zombies
  An adder skeleton (D:4)
  A worm (D:3)
  2 dart slugs
  2 leopard geckos
  31 orcs
  2 ball pythons (D:3)
  7 giant cockroaches
  7 hobgoblins
  12 jackals
  2 quokkas
  8 bats
  5 frilled lizards
  7 goblins
  A jackal skeleton (D:5)
  A jackal zombie (D:5)
  12 kobolds
  13 rats
302 creatures vanquished.

Vanquished Creatures (collateral kills)
  Josephine (D:10)
  2 two-headed ogres
  2 unseen horrors (D:10)
  Maurice (D:9)
  An elephant (Lair:4)
  A spiny frog (Lair:1)
  2 komodo dragons
  6 blink frogs (Lair:3)
  2 hippogriffs
  3 wraiths
  A wyvern (Lair:3)
  8 yaks
  A human (D:8)
  Eustachio (D:4)
  A basilisk (Lair:1)
  A hog (D:8)
  A warg (D:10)
  5 water moccasins
  2 porcupines
  An orc warrior (D:10)
  An ice beast (D:6)
  A black bear (Lair:3)
  2 sky beasts
  A necrophage (D:8)
  5 wolves
  4 ogres
  2 centaurs
  3 crocodiles
  5 bullfrogs
  2 gnoll sergeants
  A scorpion (D:7)
  A crimson imp (D:7)
  A quasit (D:10)
  2 hounds
  2 iguanas
  3 orc wizards
  4 worker ants
  A killer bee zombie (D:8)
  A hound zombie (D:11)
  2 hound skeletons
  2 worker ant zombies (D:6)
  4 gnolls
  4 adders
  A worm (D:3)
  2 leopard geckos
  22 orcs
  A hobgoblin (D:3)
  4 jackals
  2 quokkas (D:4)
  3 kobolds (D:11)
  A rat (D:3)
133 creatures vanquished.

Vanquished Creatures (others)
  A slave (D:4)
  3 knights
  3 ancestors
  9 fungi
  6 plants
22 creatures vanquished.

Grand Total: 457 creatures vanquished

Notes
Turn   | Place    | Note
-------+----------+-------------------------------------------
     0 | D:1      | Inarius the Draconian Ice Elementalist began the quest for the Orb.
     0 | D:1      | Reached XP level 1. HP: 14/14 MP: 3/3
   216 | D:1      | Reached XP level 2. HP: 20/20 MP: 1/5
   757 | D:2      | Reached XP level 3. HP: 22/26 MP: 0/6
   762 | D:2      | Learned a level 3 spell: Ozocubu's Armour
   959 | D:2      | Found a sparkling altar of Nemelex Xobeh.
  1219 | D:2      | Noticed Terence
  1252 | D:2      | Killed Terence
  1252 | D:2      | Reached skill level 4 in Ice Magic
  1252 | D:2      | Reached XP level 4. HP: 29/33 MP: 8/8
  1323 | D:2      | Learned a level 4 spell: Throw Icicle
  1469 | D:3      | Found a glowing drain.
  1549 | Sewer    | Entered a sewer
  1561 | Sewer    | Reached skill level 1 in Fighting
  1789 | Sewer    | Noticed a big kobold
  1816 | Sewer    | Killed a big kobold
  1816 | Sewer    | Reached XP level 5. HP: 29/40 MP: 1/10
  1924 | Sewer    | Found a white marble altar of Elyvilon.
  2094 | D:3      | Found an iron altar of Okawaru.
  2099 | D:3      | Found a hazy altar of Hepliaklqana.
  2100 | D:3      | Found a bloodstained altar of Trog.
  2148 | D:3      | Became a worshipper of Hepliaklqana the Forgotten
  2396 | D:3      | Found a shattered altar of Ashenzari.
  2475 | D:3      | Found an opulent altar of Gozag.
  2669 | D:3      | Reached XP level 6. HP: 42/42 MP: 11/11
  3240 | D:4      | Noticed Pikel
  3241 | D:4      | Noticed a slave
  3247 | D:4      | Noticed a slave
  3253 | D:4      | Noticed a slave
  3254 | D:4      | Noticed a slave
  3262 | D:4      | Killed Pikel
  3262 | D:4      | Reached skill level 5 in Ice Magic
  3262 | D:4      | Your scales start taking on a golden yellow colour.
  3262 | D:4      | Reached XP level 7. HP: 26/49 MP: 9/13
  3399 | D:4      | Noticed Menkaure
  3589 | D:4      | Noticed Dirian's ghost (amateur MiFi)
  3670 | D:4      | Killed Menkaure
  3670 | D:4      | Reached skill level 6 in Ice Magic
  3789 | D:4      | Found a white marble altar of Elyvilon.
  3875 | D:4      | Reached * piety under Hepliaklqana
  4045 | D:4      | Killed Dirian's ghost
  4045 | D:4      | Reached XP level 8. HP: 15/55 MP: 13/15
  4217 | D:5      | Entered Level 5 of the Dungeon
  4221 | D:5      | Noticed Blork the orc
  4231 | D:5      | Killed Blork the orc
  4407 | D:4      | Reached skill level 5 in Spellcasting
  4739 | D:5      | Noticed ThereIsNoGod's ghost (novice DsBe)
  4823 | D:5      | Noticed Eustachio
  5187 | D:4      | Killed Eustachio
  5187 | D:4      | Reached skill level 7 in Ice Magic
  5864 | D:5      | Reached skill level 5 in Dodging
  6219 | D:5      | Noticed Grinder
  6240 | D:5      | Gained mutation: Your muscles are strong. (Str +2) [potion of mutation]
  6240 | D:5      | Gained mutation: Your tail ends in a poisonous barb. [potion of mutation]
  6240 | D:5      | Gained mutation: You occasionally shout uncontrollably at your foes. [potion of mutation]
  6240 | D:5      | Gained mutation: Your muscles are very strong. (Str +4) [potion of mutation]
  6765 | D:6      | Reached skill level 1 in Charms
  6765 | D:6      | Reached XP level 9. HP: 29/63 MP: 17/17
  7048 | D:6      | Reached ** piety under Hepliaklqana
  7049 | D:6      | Remembered your ancestor Onaxys as a knight
  7223 | D:6      | Learned a level 4 spell: Summon Ice Beast
  8110 | D:7      | Reached skill level 5 in Conjurations
  8110 | D:7      | Reached skill level 9 in Ice Magic
  8110 | D:7      | Reached XP level 10. HP: 70/70 MP: 17/20
  8235 | D:7      | Found a staircase to the Ecumenical Temple.
  8263 | Temple   | Entered the Ecumenical Temple
  8582 | D:7      | Reached skill level 10 in Ice Magic
  8614 | D:7      | Got an iridescent falchion
  8615 | D:7      | Identified the +2 falchion of Darkness {slice, +Fly rC+ Int+4} (You found it on level 7 of the Dungeon)
  8645 | D:7      | Found an ancient bone altar of Kikubaaqudgha.
  8668 | D:7      | Found a blossoming altar of Fedhas.
  8803 | D:8      | Noticed Grum
  8807 | D:8      | Killed Grum
  9380 | D:8      | Found a blossoming altar of Fedhas.
  9622 | D:8      | Learned a level 3 spell: Regeneration
  9628 | D:8      | Found Xaoxixis's Magic Scroll Shop.
  9629 | D:8      | Reached *** piety under Hepliaklqana
  9641 | D:8      | Bought a scroll of identify for 26 gold pieces
  9641 | D:8      | Bought a scroll of identify for 26 gold pieces
  9641 | D:8      | Bought a scroll of identify for 26 gold pieces
  9641 | D:8      | Bought a scroll of identify for 26 gold pieces
  9641 | D:8      | Bought a scroll of brand weapon for 260 gold pieces
 10655 | D:9      | Reached skill level 1 in Short Blades
 10663 | D:9      | Noticed a two-headed ogre
 10675 | D:9      | Killed a two-headed ogre
 10675 | D:9      | Reached XP level 11. HP: 10/75 MP: 2/22
 10984 | D:9      | Noticed Maurice
 10999 | D:9      | Killed Maurice
 11477 | D:9      | Found a shadowy altar of Dithmenos.
 11560 | D:10     | Entered Level 10 of the Dungeon
 11576 | D:10     | Noticed Josephine
 11586 | D:10     | Killed Josephine
 11586 | D:10     | Reached skill level 1 in Necromancy
 11953 | D:10     | Noticed a two-headed ogre
 11962 | D:10     | Killed a two-headed ogre
 12115 | D:10     | Reached skill level 5 in Fighting
 12115 | D:10     | Reached skill level 11 in Ice Magic
 12306 | D:10     | Found a staircase to the Orcish Mines.
 12324 | D:10     | Killed an unseen horror
 12830 | D:10     | Killed an unseen horror
 13018 | D:11     | Got a slimy brass ring
 13019 | D:11     | Identified the ring of Moderation {Ice rElec rPois MR- Dex-4} (You found it on level 11 of the Dungeon)
 13068 | D:11     | Reached **** piety under Hepliaklqana
 13108 | D:11     | Reached skill level 5 in Charms
 13515 | D:11     | Noticed a two-headed ogre
 13524 | D:11     | Reached XP level 12. HP: 28/84 MP: 16/24
 13640 | D:11     | Reached skill level 1 in Shields
 13699 | D:11     | Killed a two-headed ogre
 13743 | D:11     | Found a staircase to the Lair.
 13865 | D:11     | Got a jewelled short sword
 13866 | D:11     | Identified the +8 short sword of Big Damage {pierce, *Slow rElec rPois SInv} (You found it on level 11 of the Dungeon)
 14260 | D:11     | Noticed Gastronok
 14273 | D:11     | Killed Gastronok
 14329 | Lair:1   | Entered Level 1 of the Lair of Beasts
 14635 | Lair:1   | Noticed a five-headed hydra
 14642 | Lair:1   | Killed a five-headed hydra
 14649 | Lair:1   | Reached skill level 12 in Ice Magic
 14958 | Lair:1   | Noticed Joseph
 14975 | Lair:1   | Killed Joseph
 15405 | Lair:2   | Found a labyrinth entrance.
 15414 | Lab      | Entered a labyrinth
 15515 | Lab      | Noticed a minotaur
 15525 | Lab      | Killed a minotaur
 15532 | Lab      | Got a crude copper ring
 15539 | Lab      | Identified the ring "Meocomu" {rPois MP+9 Str+4} (You found it in a labyrinth)
 16242 | Lair:3   | Reached ***** piety under Hepliaklqana
 16292 | Lair:3   | Reached skill level 5 in Summonings
 16314 | Lair:3   | Reached XP level 13. HP: 81/93 MP: 25/25
 16476 | Lair:3   | Reached skill level 5 in Shields
 17174 | Lair:3   | Noticed Harold
 17244 | Lair:4   | Found a staircase to the Snake Pit.
 17277 | Lair:4   | Reached skill level 13 in Ice Magic
 17318 | Lair:3   | Killed from afar by Harold

Skill      XL: |  1  2  3  4  5  6  7  8  9 10 11 12 13 |
---------------+----------------------------------------+-----
Dodging        | 2 3 4 5 6 7 |  7.2
Spellcasting   | 3 4 5 6 7 8 |  8.0
Ice Magic      | 4 5 6 7 9 10 11 12 13 | 13.1
Fighting       | 1 2 3 4 5 6 7 |  7.1
Conjurations   | 2 3 5 6 7 8 |  8.0
Charms         | 1 3 4 5 6 |  6.1
Summonings     | 4 5 |  5.6
Invocations    | 4 |  4.6
Short Blades   | 1 3 |  3.5
Necromancy     | 2 4 |  4.1
Shields        | 4 5 |  5.0
Stealth        | |  1.7

Action                   |  1- 3 |  4- 6 |  7- 9 | 10-12 | 13-15 || total
-------------------------+-------+-------+-------+-------+-------++-------
Melee: Unarmed           |     5 |       |       |       |       ||     5
       Mace              |     2 |       |       |       |       ||     2
       Dagger            |    75 |   173 |    24 |       |       ||   272
       Tailslap          |     6 |    16 |    28 |    79 |    23 ||   152
       Whip              |       |       |   255 |    46 |       ||   301
       Short sword       |       |       |       |   470 |   151 ||   621
       Falchion          |       |       |       |    40 |       ||    40
 Cast: Freeze            |    28 |    23 |     7 |       |       ||    58
       Ozocubu's Armour  |     1 |     2 |    12 |    29 |     8 ||    52
       Throw Icicle      |       |       |    14 |    99 |     5 ||   118
       Summon Ice Beast  |       |       |     1 |    12 |    16 ||    29
       Regeneration      |       |       |       |    54 |     3 ||    57
Invok: Ancestor Identity |       |     1 |       |       |       ||     1
       Recall Ancestor   |       |       |     3 |     4 |       ||     7
       Ancestor Life: Kn |       |       |     1 |       |       ||     1
 Abil: Breathe Acid      |       |       |       |     1 |       ||     1
  Use: Scroll            |       |     7 |     7 |    22 |     1 ||    37
       Potion            |       |     1 |    10 |     3 |       ||    14
 Stab: Sleeping          |     2 |     3 |     2 |     3 |       ||    10
       Distracted        |       |     1 |     4 |     4 |     2 ||    11
  Eat: Chunk             |     1 |     7 |    13 |    35 |     5 ||    61
       Ration            |       |       |     2 |     2 |       ||     4
Armor: Skin              |    27 |    64 |   126 |   197 |    76 ||   490
Dodge: Dodged            |    61 |   136 |   196 |   474 |   118 ||   985
Block: Buckler           |       |       |       |    40 |    65 ||   105
       Rpst.: Falchion   |       |       |       |     8 |       ||     8
